 Dungeon Crawl Stone Soup version 0.27-a0-1456-gf5a116941d (webtiles) character file.

Game seed: 2232515362458139878

77 Tocho the Sneak (level 4, 0/24 HPs)
             Began as a Kobold Enchanter on July 5, 2021.
             Succumbed to an adder's poison
             ... on level 3 of the Dungeon.
             The game lasted 00:04:43 (3424 turns).

Tocho the Sneak (Kobold Enchanter)                  Turns: 3424, Time: 00:04:43

Health: 0/24       AC:  2    Str:  5    XL:     4   Next: 60%
Magic:  0/8        EV: 15    Int: 16    God:
Gold:   88         SH:  0    Dex: 16    Spells: 4/7 levels left

rFire    . . .     SeeInvis .   c - +0 rapier (speed)
rCold    . . .     Faith    .   (shield restricted)
rNeg     . . .     Spirit   .   b - +0 robe
rPois    .         Reflect  .   (no helmet)
rElec    .         Harm     .   (no cloak)
rCorr    .         Rampage  .   (no gloves)
Will     .....                  (no boots)
Stlth    ++++......             (no amulet)
HPRegen  0.08/turn              (no ring)
MPRegen  0.11/turn              (no ring)

@: brilliant, lethally poisoned (0 -> -1), attractive
A: small, no large weapons, nightstalker 3, deterioration 2, high mp 1
a: no special abilities


You were on level 3 of the Dungeon.
You visited 1 branch of the dungeon, and saw 3 of its levels.

You collected 88 gold pieces.

Inventory:

Hand Weapons
 a - a +1 dagger
 c - a +0 rapier of speed (weapon)
Missiles
 j - 15 bolts
 k - 8 atropa-tipped darts (quivered)
 l - 10 arrows
Armour
 b - a +0 robe (worn)
Magical Staves
 i - a staff of air
Scrolls
 d - 4 scrolls of teleportation
 g - a scroll of identify


   Skills:
 + Level 0.4 Fighting
 * Level 2.7 Short Blades
 * Level 2.8 Dodging
 * Level 5.1 Stealth
 + Level 2.4 Spellcasting
 * Level 3.4 Hexes
 * Level 0.9 Ice Magic


You had 4 spell levels left.
You knew the following spells:

 Your Spells              Type           Power      Damage    Failure   Level
a - Corona                Hex            21%        N/A       4%          1
b - Ensorcelled Hibernat  Hex/Ice        26%        N/A       12%         2

Your spell library contained the following spells:

 Spells                   Type           Power      Damage    Failure   Level
 Slow                     Hex            19%        N/A       8%          2
 Confusing Touch          Hex            19%        N/A       14%         3
 Tukima's Dance           Hex            19%        N/A       14%         3
 Dazzling Flash           Conj/Hex       22%        N/A       30%         3
 Vampiric Draining        Necr           1%         2d6       52%         3


Dungeon Overview and Level Annotations

Branches:
Dungeon (3/15)

Altars:


Innate Abilities, Weirdness & Mutations

You are small and have problems with some larger weapons.
You are completely attuned to the shadows.
Your body often deteriorates upon taking damage.
You have an increased reservoir of magic. (+10% MP)


Message History

Aiming: Corona (safe; 4% risk of failure)
Press: ? - help, Shift-Dir - straight line, f/p - adder
Aim: an adder (chance to affect: 57%)
The adder struggles to resist.
You feel sick. The adder barely misses you. The adder misses you.
You barely miss the adder.
You feel sick. The adder closely misses you.
You barely miss the adder.
You feel sick. The adder bites you.
You puncture the adder!
The adder is severely wounded.
You feel sick. The adder bites you.
You are more poisoned.
The adder poisons you!
You barely miss the adder.
The adder is severely wounded.
You feel sick. The adder bites you.
* * * LOW HITPOINT WARNING * * *
It was a potion of mutation.
You feel extremely strange.
You feel yourself wasting away.
You feel your body start to fall apart.
You feel more energetic.
* * * LOW HITPOINT WARNING * * *
You feel sick. The adder misses you.
It was a potion of attraction.
You feel attractive to monsters.
* * * LOW HITPOINT WARNING * * *
You feel sick. The adder bites you but does no damage.
You feel clever all of a sudden.
* * * LOW HITPOINT WARNING * * *
You feel sick. The adder barely misses you. The adder closely misses you.
Casting: Corona (safe; 4% risk of failure)
Confirm with . or Enter, or press ? or * to list all spells.
Aiming: Ensorcelled Hibernation (safe; 12% risk of failure)
Press: ? - help, Shift-Dir - straight line, f/p - adder
Aim: an adder (severely wounded, chance to affect: 52%)
You feel a surge of power!
The adder looks drowsy...
* * * LOW HITPOINT WARNING * * *
You feel sick.
The helpless adder fails to defend itself.
You impale the adder!!
You kill the adder!
You die...

.#########
.........#
#........#
#....@†..#
#..#..#### ######.
>.#..#######......
.................#
#..#########.....#
#.. ##.#### .. #.#
#.# #.#


There were no monsters in sight!

Vanquished Creatures
  A gnoll (D:2)
  An adder (D:3)
  2 worms (D:2)
  4 dart slugs
  7 ball pythons
  7 endoplasms
  3 giant cockroaches
  3 goblins
  3 hobgoblins
  4 jackals
  2 quokkas (D:1)
  4 bats
  5 frilled lizards
  3 kobolds (D:1)
  3 rats
52 creatures vanquished.

Notes
Turn   | Place    | Note
-------+----------+-------------------------------------------
     0 | D:1      | Tocho the Kobold Enchanter began the quest for the Orb.
     0 | D:1      | Reached XP level 1. HP: 10/10 MP: 3/3
   301 | D:2      | Reached XP level 2. HP: 4/15 MP: 3/5
   620 | D:2      | Learned a level 2 spell: Ensorcelled Hibernation
  1177 | D:1      | Reached XP level 3. HP: 19/19 MP: 6/6
  2272 | D:2      | Reached XP level 4. HP: 24/24 MP: 7/7
  2600 | D:2      | Reached skill level 5 in Stealth
  2652 | D:2      | Found a faded altar of an unknown god.
  2906 | D:3      | Noticed a centaur
  3420 | D:3      | Gained mutation: Your body sometimes deteriorates upon
                  | taking damage. [potion of mutation]
  3420 | D:3      | Gained mutation: Your body often deteriorates upon taking
                  | damage. [potion of mutation]
  3420 | D:3      | Gained mutation: You have an increased reservoir of magic.
                  | (+10% MP) [potion of mutation]
  3423 | D:3      | HP: 1/24 [poisoned by an adder]
  3424 | D:3      | Succumbed to an adder's poison

Illustrated notes

Levels and vault maps discovered:
D:1:      dpeg_arrival_stonehenge_8_columns, layout_basic
D:2:      layout_basic, hellmonk_ecumenical_altar_inner_sanctum
D:3:      layout_rooms, marbit_many_paths

Skill      XL: |  1  2  3  4 |
---------------+-------------+-----
Short Blades   | 2 |  2.7
Stealth        | 5 |  5.1
Fighting       | |  0.4
Dodging        | |  2.8
Spellcasting   | |  2.4
Hexes          | |  3.4
Ice Magic      | |  0.9

Action                   |  1- 3 |  4- 6 || total
-------------------------+-------+-------++-------
Melee: Rapier            |    98 |    33 ||   131
 Cast: Corona            |     3 |     2 ||     5
       Ensorcelled Hiber |     6 |    14 ||    20
  Use: Potion            |       |     3 ||     3
       Scroll            |       |     2 ||     2
 Stab: Sleeping          |    16 |    12 ||    28
Armor: Robe              |     7 |     4 ||    11
Dodge: Dodged            |    57 |    34 ||    91

Table legend: (Time is in decaauts)
 A = Elapsed time spent in this place.
 B = Non-inter-level travel time spent in this place.
 C = Inter-level travel time spent in this place.
 D = Time resting spent in this place.
 E = Time spent auto-exploring this place.
 F = Levels seen in this place.
 G = Mean time per level.
                   A        B        C        D        E       F      G
               +--------+--------+--------+--------+--------+-----+--------+
         Total |   3394 |   3294 |    100 |   1038 |   1832 |   3 | 1131.3 |
       Dungeon |   3394 |   3294 |    100 |   1038 |   1832 |   3 | 1131.3 |
               +--------+--------+--------+--------+--------+-----+--------+

Top non-repeatable levels by time:
     D:2: 1721 daAuts
     D:1: 1601 daAuts
     D:3: 71 daAuts
